 Dungeon Crawl Stone Soup version 0.19-a0-1792-g28b16ba (webtiles) character file.

501 kae the Shield-Bearer (level 7, -9/56 HPs)
             Began as a Formicid Fighter on Oct 4, 2016.
             Mangled by an ogre
             ... wielding a +0 giant spiked club
              (19 damage)
             ... on level 4 of the Dungeon.
             The game lasted 00:04:55 (2809 turns).

kae the Shield-Bearer (Formicid Fighter)            Turns: 2809, Time: 00:04:55

Health: -9/56      AC: 11    Str: 17 (20) XL:     7   Next: 40%
Magic:  7/7        EV:  4    Int:  9 (12) God:
Gold:   145        SH:  0    Dex:  9 (10) Spells: 0 memorised, 6 levels left

rFire  + . .     SeeInvis +     w - +0 falchion
rCold  + . .     Gourm    .     z - +0 plate armour
rNeg   . . .     Faith    .     c - +0 shield
rPois  +         Spirit   .     (helmet unavailable)
rElec  +         Dismiss  .     (no cloak)
rCorr  +         Reflect  .     (no gloves)
MR     .....     Harm     .     (no boots)
Stlth  ..........               (no amulet)
                                i - ring of teleportation (curse)
                                l - +4 ring of intelligence

@: confused, resistant (expiring)
A: permanent stasis, dig shafts and tunnels, four strong arms, antennae 3,
hooves 1, sense surroundings 1, weak 1
a: Dig, Shaft Self


You were on level 4 of the Dungeon.
You were not hungry.

You visited 1 branch of the dungeon, and saw 4 of its levels.

You collected 145 gold pieces.

Inventory:

Hand Weapons
 a - a +0 long sword
 w - a +0 falchion (weapon)
Armour
 b - a +0 scale mail
 c - a +0 shield (worn)
 z - a +0 plate armour (worn)
Jewellery
 h - an uncursed ring of ice
 i - a cursed ring of teleportation (right hand)
 l - a +4 ring of intelligence (left hand)
Scrolls
 g - 2 scrolls of teleportation {unknown}
 j - 2 scrolls of blinking {unknown}
 n - 2 scrolls of magic mapping {unknown}
 o - 2 scrolls of random uselessness {unknown}
 p - a scroll of enchant weapon {unknown}
 s - a scroll of identify {unknown}
 u - a scroll of amnesia {unknown}
 y - a scroll of remove curse {unknown}
Potions
 d - a potion of might
 e - a potion of magic
 m - a potion of agility
 r - a potion of cure mutation
Comestibles
 f - a bread ration
 q - a meat ration
 A - a royal jelly
 B - 3 chunks of flesh
 C - 4 fruits


   Skills:
 + Level 5.0 Fighting
 * Level 5.4 Long Blades
 - Level 3.2 Armour
 + Level 5.8 Shields


You had 6 spell levels left.
You didn't know any spells.

Dungeon Overview and Level Annotations

Branches:
Dungeon (4/15)
 Temple: D:4-7

Altars:
Ashenzari


Innate Abilities, Weirdness & Mutations

You are under a permanent stasis effect.
You can dig through walls and to a lower floor.
Your four strong arms can wield two-handed weapons with a shield.
You have a pair of large antennae on your head. (SInv)
You have large cloven feet.
You passively map a small area around you.
You are weak. (Str -2)


Message History

The ogre is severely wounded.
The ogre hits you with a giant spiked club!
* * * LOW HITPOINT WARNING * * *
Unknown command.
Okay, then.
You're too confused!
You're too confused!
You bump into the rock wall.
You feel less confused. The ogre misses you.
There is an open door here.
The orc wizard casts a spell.
The orc wizard flickers and vanishes for a moment.
There is an open door here.
You start to feel less resistant.
The orc wizard casts a spell at you.
You are confused.
You feel a little less agile now.
The ogre hits you with a giant spiked club!!
You die...

#......#..o.....#
#......#o.......#
#......#...###'##
####......#...# #.# *
#.#.......#...###.#
##)#......'.......#
###...oo.##########
#......+, , .#
###+########@.....+#######.#
............O..............#
..............###..........#
........<.....# #..........#
..............# #..........#
...###........# #..........#
...###........#
#............
...###........#
#..........##
....#..<......#
#............


You could see an ogre, an orc wizard (invisible) and an orc.

Vanquished Creatures
  Sigmund (D:3)
  A centaur (D:3)
  A scorpion (D:4)
  2 orc wizards (D:4)
  Ijyb (D:2)
  3 gnolls (D:3)
  2 adders (D:2)
  An ooze (D:3)
  2 worms
  3 dart slugs
  2 leopard geckos
  8 orcs
  2 ball pythons
  2 giant cockroaches (D:2)
  9 goblins
  4 hobgoblins
  4 jackals
  6 bats
  4 frilled lizards
  9 kobolds
  5 rats
72 creatures vanquished.

Notes
Turn   | Place    | Note
-------+----------+-------------------------------------------
     0 | D:1      | kae the Formicid Fighter began the quest for the Orb.
     0 | D:1      | Reached XP level 1. HP: 18/18 MP: 1/1
   250 | D:1      | Reached XP level 2. HP: 17/24 MP: 2/2
   928 | D:1      | Reached XP level 3. HP: 17/29 MP: 3/3
  1187 | D:2      | Reached XP level 4. HP: 34/37 MP: 4/4
  1223 | D:2      | Noticed Ijyb
  1249 | D:2      | Killed Ijyb
  1680 | D:3      | Reached XP level 5. HP: 36/42 MP: 5/5
  1958 | D:3      | Noticed Sigmund
  1972 | D:3      | Killed Sigmund
  1972 | D:3      | Reached skill level 5 in Shields
  1972 | D:3      | Reached XP level 6. HP: 47/49 MP: 6/6
  2338 | D:3      | Reached skill level 5 in Long Blades
  2338 | D:3      | Reached XP level 7. HP: 50/55 MP: 7/7
  2354 | D:4      | Found a shattered altar of Ashenzari.
  2644 | D:4      | Reached skill level 5 in Fighting
  2764 | D:4      | Gained mutation: You have large cloven feet. [potion of mutation]
  2764 | D:4      | Gained mutation: You are weak. (Str -2) [potion of mutation]
  2764 | D:4      | Gained mutation: You passively map a small area around you. [potion of mutation]
  2809 | D:4      | Mangled by an ogre

Vault maps used:
D:1:      minmay_arrival_four_houses
D:2:      uniq_iyjb
D:3:      uniq_sigmund
D:4:      cheibrodos_ashenzari_chains, first_bread, trog_book, uniq_duvessa

Skill      XL: |  1  2  3  4  5  6  7 |
---------------+----------------------+-----
Long Blades    | 3 4 5 |  5.4
Shields        | 4 5 |  5.8
Fighting       | 4 5 |  5.0
Armour         | |  3.2

Action                   |  1- 3 |  4- 6 |  7- 9 || total
-------------------------+-------+-------+-------++-------
Melee: Long sword        |   103 |   100 |       ||   203
       Falchion          |       |    66 |    71 ||   137
 Abil: Dig               |       |     3 |     1 ||     4
  Use: Potion            |       |       |     7 ||     7
  Eat: Chunk             |     1 |     4 |     2 ||     7
Armor: Scale mail        |    59 |    40 |     2 ||   101
       Plate armour      |       |       |    18 ||    18
Dodge: Dodged            |    47 |    55 |    10 ||   112
Block: Shield            |    64 |    75 |    20 ||   159
       Rpst.: Long sword |    17 |    11 |       ||    28
       Falchion          |       |    12 |     2 ||    14
